Predators vs Nordiques
Created - December 17, 2017 at 20:11
Goals
|
| Predators |
1 |
0 |
1 |
2 |
| Nordiques |
2 |
0 |
1 |
3 |
|
Shots
|
| Predators |
9 |
6 |
15 |
30 |
| Nordiques |
17 |
4 |
16 |
37 |
|
1st period
1. Predators , Alexander Steen 12 (Kris Vernarsky 4) at 7:11
2. Nordiques , Paul Gaustad 4 (Marek Svatos 16, Dmitry Kulikov 5) at 7:44
3. Nordiques , Jean-Pierre Dumont 6 (Dmitry Kulikov 6, Ryan Ellis 20) at 16:41
Penalties :
Ryan Kesler (Nas) for Holding (Minor) at 19:42
2nd period
No Goal
Penalties :
No Penalty
3rd period
4. Nordiques , Paul Gaustad 5 (Kyle Calder 6) at 7:04 (PP)
5. Predators , Alexander Ovechkin 16 (Niclas Bergfors 14, Alexander Edler 17) at 16:38
Penalties :
James Van Riemsdyk (Nas) for Tripping (Minor) at 6:38, Dmitri Kalinin (Nas) for Hooking (Minor) at 19:59
Goalie Stats
Chad Johnson (Nas), 34 saves from 37 shots - (0.919), L, 3-3-0, 58:28 minutes
Julien Ellis (Que), 28 saves from 30 shots - (0.933), W, 10-6-2, 60:00 minutes
Players Stats for Predators
Player Name G A P +/- PIM S H SB GA TA FO MP PP MP PK MP
------------------------------------------------------------------------------------
Adam Burish 0 0 0 0 0 3 0 1 1 0 1/1 20:26 0:00 1:35
Alexander Edler 0 1 1 0 0 1 0 1 0 0 0/0 19:16 0:00 1:40
Alexander Ovechkin 1 0 1 1 0 3 1 0 0 2 0/2 18:04 0:00 0:23
Alexander Steen 1 0 1 0 0 3 3 0 0 0 0/0 12:38 0:00 0:00
Andy Miele 0 0 0 1 0 0 2 1 0 1 7/13 17:44 0:00 1:35
Anton Gustafsson 0 0 0 0 0 1 0 1 0 0 1/2 8:44 0:00 0:00
Barret Jackman 0 0 0 0 0 0 0 2 0 0 0/0 6:54 0:00 0:00
Brett Clark 0 0 0 0 0 1 1 1 0 1 0/0 18:25 0:00 0:45
Byron Bitz 0 0 0 1 0 1 0 0 1 1 0/0 17:12 0:00 0:27
Dmitri Kalinin 0 0 0 0 2 0 1 0 1 0 0/0 21:50 0:00 0:00
James Van Riemsdyk 0 0 0 0 2 2 0 0 0 0 0/1 8:54 0:00 0:00
John Moore 0 0 0 0 0 3 0 3 0 0 0/0 18:05 0:00 0:45
Justin Abdelkader 0 0 0 -1 0 3 3 1 0 1 0/1 19:18 0:00 0:32
Kris Vernarsky 0 1 1 0 0 1 2 0 1 1 0/4 12:59 0:00 0:18
Niclas Bergfors 0 1 1 -1 0 3 1 1 0 0 0/2 20:38 0:00 0:00
Ryan Kesler 0 0 0 -1 2 3 2 0 0 0 3/14 20:03 0:00 0:00
Ryan Mcdonagh 0 0 0 0 0 2 2 4 0 1 0/0 24:37 0:00 1:40
Ryan Murray 0 0 0 0 0 0 1 0 0 0 0/0 11:45 0:00 0:00
Players Stats for Nordiques
Player Name G A P +/- PIM S H SB GA TA FO MP PP MP PK MP
------------------------------------------------------------------------------------
Bruno Gervais 0 0 0 0 0 1 2 1 0 1 0/0 20:04 0:37 0:00
Daniel Briere 0 0 0 0 0 4 3 0 1 0 17/27 20:30 1:38 0:00
Dmitry Kulikov 0 2 2 0 0 1 2 1 2 0 0/0 20:04 0:37 0:00
Fedor Tyutin 0 0 0 0 0 2 2 0 1 1 0/0 26:01 1:48 0:00
Jarret Stoll 0 0 0 0 0 0 3 0 0 0 2/2 12:19 0:00 0:00
Jean-Pierre Dumont 1 0 1 0 0 3 2 0 1 1 0/0 12:19 0:00 0:00
Kyle Calder 0 1 1 0 0 0 0 0 0 0 1/1 16:24 0:47 0:00
Marek Svatos 0 1 1 0 0 1 1 1 0 1 0/1 18:29 1:38 0:00
Mark Eaton 0 0 0 0 0 0 2 1 0 0 0/0 15:09 0:00 0:00
Matt Moulson 0 0 0 0 0 3 0 0 0 0 0/0 12:19 0:00 0:00
Michael Ryder 0 0 0 0 0 0 2 0 1 0 0/0 9:33 0:00 0:00
Nikolai Kulemin 0 0 0 0 0 1 3 0 0 0 0/0 9:33 0:00 0:00
Paul Gaustad 2 0 2 0 0 2 2 0 0 0 6/7 17:38 0:47 0:00
R.J. Umberger 0 0 0 0 0 6 2 1 1 0 1/1 21:44 1:38 0:00
Rich Peverley 0 0 0 0 0 1 0 0 0 0 1/1 9:33 0:00 0:00
Ryan Ellis 0 1 1 0 0 3 1 2 1 0 0/0 24:47 1:48 0:00
T.J. Fast 0 0 0 0 0 0 0 1 0 0 0/0 13:55 0:00 0:00
Vladimir Tarasenko 0 0 0 0 0 9 1 0 0 0 0/0 19:39 0:47 0:00
3 Stars
1 - Paul Gaustad (Que)
2 - Alexander Steen (Nas)
3 - Alexander Ovechkin (Nas)
Power Play
Predators - 0 on 0 Attempt(s) - 0.00%
Nordiques - 1 on 3 Attempt(s) - 33.33%
Penalty Kill
Predators - 2 on 3 Attempt(s) - 66.67%
- Score 0 goal in Penalty Kill
Nordiques - 0 on 0 Attempt(s) - 0.00%
- Score 0 goal in Penalty Kill
Team Stat
Predators - Hits : 19 - Faceoff Wins : 12 - Blocked Shots : 16 - Penalty Minutes : 6
Nordiques - Hits : 28 - Faceoff Wins : 28 - Blocked Shots : 8 - Penalty Minutes : 0
Official
Referees : Joannette Marc and StLaurent Francois
Linesman : Michel Cormier and Vaughan Rody
Game Notes
No Game Note
Finance
Level 1 -- Attendance: 3989 (66.48%) -- Ticket Income $418,845
Level 2 -- Attendance: 3565 (71.30%) -- Ticket Income $231,725
Level 3 -- Attendance: 1382 (69.10%) -- Ticket Income $63,572
Level 4 -- Attendance: 2758 (68.95%) -- Ticket Income $96,530
Luxury Box -- Attendance: 825 (82.50%) -- Ticket Income $136,125
Game was played at the Centre Videotron.
Total Attendance: 12519 (69.55%)
Total Ticket Income: $946,797
Other Income: $142,020
Total Income: $1,088,817
Predators
5 vs 5 Forward
Center Left Wing Right Wing Time % Phy DF OF
1 Ryan Kesler Justin Abdelkader Niclas Bergfors 40 1 2 2
2 Andy Miele Alexander Ovechkin Byron Bitz 30 1 2 2
3 Kris Vernarsky Alexander Steen Adam Burish 20 1 2 2
4 Anton Gustafsson James Van Riemsdyk Adam Burish 10 1 2 2
5 vs 5 Defense
Defense Defense Time % Phy DF OF
1 Ryan Mcdonagh Dmitri Kalinin 40 1 2 2
2 John Moore Alexander Edler 30 1 2 2
3 Brett Clark Ryan Murray 20 1 2 2
4 Brett Clark Barret Jackman 10 1 2 2
PowerPlay Forward
Center Left Wing Right Wing Time % Phy DF OF
1 Ryan Kesler Alexander Ovechkin Niclas Bergfors 60 1 2 2
2 Andy Miele Alexander Steen Byron Bitz 40 1 2 2
PowerPlay Defense
Defense Defense Time % Phy DF OF
1 Alexander Edler Ryan Murray 60 1 2 2
2 Ryan Mcdonagh Dmitri Kalinin 40 1 2 2
Penalty Kill 4 Players Forward
Center Wing Time % Phy DF OF
1 Andy Miele Adam Burish 60 1 2 2
2 Ryan Kesler Byron Bitz 40 1 2 2
Penalty Kill 4 Players Defense
Defense Defense Time % Phy DF OF
1 Ryan Mcdonagh Alexander Edler 60 1 2 2
2 John Moore Brett Clark 40 1 2 2
Penalty Kill - 3 Players Forward
Forward Time % Phy DF OF
1 Byron Bitz 60 1 2 2
2 Adam Burish 40 1 2 2
Penalty Kill - 3 Players Defense
Defense Defense Time % Phy DF OF
1 Ryan Mcdonagh Alexander Edler 60 1 2 2
2 John Moore Brett Clark 40 1 2 2
4 vs 4 Forward
Center Wing Time % Phy DF OF
1 Ryan Kesler Niclas Bergfors 60 1 2 2
2 Andy Miele Alexander Ovechkin 40 1 2 2
4 vs 4 Defense
Defense Defense Time % Phy DF OF
1 John Moore Alexander Edler 60 1 2 2
2 Ryan Mcdonagh Dmitri Kalinin 40 1 2 2
Last Minutes Offensive
Center Left Wing Right Wing Defense Defense
Ryan Kesler Alexander Ovechkin Niclas Bergfors Ryan Mcdonagh Alexander Edler
Last Minutes Defensive
Center Left Wing Right Wing Defense Defense
Ryan Kesler Alexander Ovechkin Byron Bitz Ryan Mcdonagh Alexander Edler
Goaltenders
Starting : Chad Johnson
Backup : Viktor Fasth
Extra Forwards
Normal : James Van Riemsdyk, Adam Burish, Justin Abdelkader - PP : James Van Riemsdyk, Justin Abdelkader - PK : Justin Abdelkader
Extra Defensemen
Normal : Ryan Murray, Brett Clark, John Moore - PP : Ryan Murray - PK : Brett Clark, John Moore
Penalty Shots
Alexander Ovechkin, Ryan Kesler, Niclas Bergfors, Byron Bitz, Adam Burish
Scratches
Andrej Meszaros (Healthy), Mikael Granlund (Right Forearm Injury), Jeremy Williams (Chest/Ribs Injury)
Nordiques
5 vs 5 Forward
Center Left Wing Right Wing Time % Phy DF OF
1 Daniel Briere R.J. Umberger Vladimir Tarasenko 40 0 1 4
2 Paul Gaustad Kyle Calder Marek Svatos 30 0 1 4
3 Jarret Stoll Matt Moulson Jean-Pierre Dumont 20 0 1 4
4 Rich Peverley Nikolai Kulemin Michael Ryder 10 0 2 3
5 vs 5 Defense
Defense Defense Time % Phy DF OF
1 Fedor Tyutin Ryan Ellis 40 0 4 1
2 Bruno Gervais Dmitry Kulikov 30 0 4 1
3 T.J. Fast Mark Eaton 20 0 4 1
4 Ryan Ellis Fedor Tyutin 10 0 4 1
PowerPlay Forward
Center Left Wing Right Wing Time % Phy DF OF
1 Daniel Briere R.J. Umberger Marek Svatos 60 0 0 5
2 Paul Gaustad Kyle Calder Vladimir Tarasenko 40 0 0 5
PowerPlay Defense
Defense Defense Time % Phy DF OF
1 Fedor Tyutin Ryan Ellis 60 0 1 4
2 Dmitry Kulikov Bruno Gervais 40 0 1 4
Penalty Kill 4 Players Forward
Center Wing Time % Phy DF OF
1 Marek Svatos Daniel Briere 60 0 3 2
2 Vladimir Tarasenko R.J. Umberger 40 0 3 2
Penalty Kill 4 Players Defense
Defense Defense Time % Phy DF OF
1 Fedor Tyutin Ryan Ellis 60 0 5 0
2 T.J. Fast Mark Eaton 40 0 5 0
Penalty Kill - 3 Players Forward
Forward Time % Phy DF OF
1 Marek Svatos 60 0 5 0
2 Daniel Briere 40 0 5 0
Penalty Kill - 3 Players Defense
Defense Defense Time % Phy DF OF
1 Fedor Tyutin Ryan Ellis 60 0 5 0
2 T.J. Fast Mark Eaton 40 0 5 0
4 vs 4 Forward
Center Wing Time % Phy DF OF
1 Marek Svatos Daniel Briere 60 0 2 3
2 Vladimir Tarasenko R.J. Umberger 40 0 2 3
4 vs 4 Defense
Defense Defense Time % Phy DF OF
1 Fedor Tyutin Ryan Ellis 60 0 4 1
2 Dmitry Kulikov Mark Eaton 40 0 4 1
Last Minutes Offensive
Center Left Wing Right Wing Defense Defense
Daniel Briere R.J. Umberger Marek Svatos Fedor Tyutin Ryan Ellis
Last Minutes Defensive
Center Left Wing Right Wing Defense Defense
Paul Gaustad R.J. Umberger Marek Svatos Fedor Tyutin Mark Eaton
Goaltenders
Starting : Julien Ellis
Backup : Tyler Weiman
Extra Forwards
Normal : Daniel Briere, Vladimir Tarasenko, Jean-Pierre Dumont - PP : Daniel Briere, Vladimir Tarasenko - PK : Paul Gaustad
Extra Defensemen
Normal : Ryan Ellis, Dmitry Kulikov, Fedor Tyutin - PP : Ryan Ellis - PK : Dmitry Kulikov, Mark Eaton
Penalty Shots
Marek Svatos, Daniel Briere, Vladimir Tarasenko, R.J. Umberger, Jean-Pierre Dumont
Scratches
Chris Drury (Groin Injury), Dustin Byfuglien (Strained Right Elbow Injury)
% Time on Ice - Predators
Lines # - Real PCT - Wanted PCT - Time Play
Normal Forward
1 - 33% - 40% - 18:49
2 - 29% - 30% - 16:09
3 - 22% - 20% - 12:38
4 - 16% - 10% - 8:44
Normal Defense
1 - 36% - 40% - 20:21
2 - 31% - 30% - 17:20
3 - 21% - 20% - 11:45
4 - 12% - 10% - 6:54
PP Forward
1 - 0% - 60%
2 - 0% - 40%
PP Defense
1 - 0% - 60%
2 - 0% - 40%
PK Forward
1 - 81% - 60% - 1:58
2 - 19% - 40% - 0:27
PK Defense
1 - 69% - 60% - 1:40
2 - 31% - 40% - 0:45
PK3 Forward
1 - 0% - 60%
2 - 0% - 40%
PK3 Defense
1 - 0% - 60%
2 - 0% - 40%
44 Forward
1 - 0% - 60%
2 - 0% - 40%
44 Defense
1 - 0% - 60%
2 - 0% - 40%
Last Minute Offensive - 1:15
Last Minute Defensive - 0:00
Total
Forward - 60:00
Defense - 60:00
|
% Time on Ice - Nordiques
Lines # - Real PCT - Wanted PCT - Time Play
Normal Forward
1 - 33% - 40% - 18:52
2 - 28% - 30% - 15:37
3 - 22% - 20% - 12:19
4 - 17% - 10% - 9:33
Normal Defense
1 - 36% - 40% - 20:25
2 - 35% - 30% - 19:27
3 - 25% - 20% - 13:55
4 - 5% - 10% - 2:34
PP Forward
1 - 68% - 60% - 1:38
2 - 32% - 40% - 0:47
PP Defense
1 - 74% - 60% - 1:48
2 - 26% - 40% - 0:37
PK Forward
1 - 0% - 60%
2 - 0% - 40%
PK Defense
1 - 0% - 60%
2 - 0% - 40%
PK3 Forward
1 - 0% - 60%
2 - 0% - 40%
PK3 Defense
1 - 0% - 60%
2 - 0% - 40%
44 Forward
1 - 0% - 60%
2 - 0% - 40%
44 Defense
1 - 0% - 60%
2 - 0% - 40%
Last Minute Offensive - 0:00
Last Minute Defensive - 1:14
Total
Forward - 60:00
Defense - 60:00
|
Play by Play
1st period
0:01 of 1st period - Daniel Briere wins face-off versus Ryan Kesler in neutral zone.
0:06 of 1st period - Snap shot by Vladimir Tarasenko.
0:06 of 1st period - Stopped by Chad Johnson with a rebound.
0:44 of 1st period - Off-side.
0:45 of 1st period - Jarret Stoll wins face-off versus Kris Vernarsky in neutral zone.
1:10 of 1st period - Niclas Bergfors is hit by Dmitry Kulikov and loses puck.
1:54 of 1st period - Snap shot by Marek Svatos.
1:54 of 1st period - Shot Blocked by Brett Clark.
2:15 of 1st period - Wrist shot by Matt Moulson.
2:15 of 1st period - Shot Misses the Net.
2:17 of 1st period - Backhand shot by Ryan Ellis.
2:17 of 1st period - Stopped by Chad Johnson with a rebound.
2:29 of 1st period - Dmitri Kalinin is hit by Michael Ryder and loses puck.
2:50 of 1st period - Backhand shot by Vladimir Tarasenko.
2:50 of 1st period - Stopped by Chad Johnson without a rebound.
2:51 of 1st period - Paul Gaustad wins face-off versus Ryan Kesler in Predators zone.
3:18 of 1st period - Ryan Mcdonagh is hit by Vladimir Tarasenko and loses puck.
3:23 of 1st period - Wrist shot by Vladimir Tarasenko.
3:23 of 1st period - Stopped by Chad Johnson with a rebound.
3:25 of 1st period - Snap shot by Bruno Gervais.
3:25 of 1st period - Shot Misses the Net.
3:27 of 1st period - Slapshot by Dmitry Kulikov.
3:27 of 1st period - Shot Blocked by Ryan Mcdonagh.
3:46 of 1st period - Ryan Mcdonagh is hit by Bruno Gervais and loses puck.
4:01 of 1st period - Wrist shot by Justin Abdelkader.
4:01 of 1st period - Shot Misses the Net.
4:03 of 1st period - Snap shot by Ryan Mcdonagh.
4:03 of 1st period - Deflect By Justin Abdelkader.
4:03 of 1st period - Stopped by Julien Ellis with a rebound.
4:05 of 1st period - Slapshot by Justin Abdelkader.
4:05 of 1st period - Stopped by Julien Ellis with a rebound.
4:24 of 1st period - Off-side.
4:25 of 1st period - Andy Miele wins face-off versus Daniel Briere in neutral zone.
4:52 of 1st period - Brett Clark is hit by Mark Eaton and loses puck.
5:01 of 1st period - Snap shot by Niclas Bergfors.
5:01 of 1st period - Stopped by Julien Ellis without a rebound.
5:02 of 1st period - Paul Gaustad wins face-off versus Kris Vernarsky in Nordiques zone.
5:27 of 1st period - Brett Clark is hit by R.J. Umberger and loses puck.
5:54 of 1st period - Wrist shot by Jean-Pierre Dumont.
5:54 of 1st period - Stopped by Chad Johnson with a rebound.
6:34 of 1st period - Wrist shot by Niclas Bergfors.
6:34 of 1st period - Deflect By Ryan Kesler.
6:34 of 1st period - Stopped by Julien Ellis with a rebound.
6:36 of 1st period - Snap shot by Ryan Kesler.
6:36 of 1st period - Shot Blocked by Ryan Ellis.
6:52 of 1st period - Snap shot by Daniel Briere.
6:52 of 1st period - Shot Misses the Net.
6:54 of 1st period - Slapshot by Fedor Tyutin.
6:54 of 1st period - Stopped by Chad Johnson with a rebound.
7:06 of 1st period - Matt Moulson is hit by Dmitri Kalinin and loses puck.
7:11 of 1st period - Wrist shot by Alexander Steen.
7:11 of 1st period - Goal by Alexander Steen - Predators : 1 - Nordiques : 0.
7:12 of 1st period - Daniel Briere wins face-off versus Ryan Kesler in neutral zone.
7:19 of 1st period - Snap shot by Vladimir Tarasenko.
7:19 of 1st period - Shot Blocked by Barret Jackman.
7:27 of 1st period - Slapshot by Niclas Bergfors.
7:27 of 1st period - Shot Misses the Net.
7:37 of 1st period - Brett Clark is hit by Bruno Gervais and loses puck.
7:44 of 1st period - Snap shot by Paul Gaustad.
7:44 of 1st period - Goal by Paul Gaustad - Predators : 1 - Nordiques : 1.
7:45 of 1st period - Daniel Briere wins face-off versus Ryan Kesler in neutral zone.
8:17 of 1st period - Snap shot by Marek Svatos.
8:17 of 1st period - Stopped by Chad Johnson with a rebound.
8:35 of 1st period - Dmitry Kulikov is hit by Ryan Murray and loses puck.
9:28 of 1st period - Slapshot by Paul Gaustad.
9:28 of 1st period - Shot Blocked by Andy Miele.
9:48 of 1st period - Snap shot by Matt Moulson.
9:48 of 1st period - Shot Misses the Net.
9:50 of 1st period - Wrist shot by Dmitry Kulikov.
9:50 of 1st period - Stopped by Chad Johnson with a rebound.
9:52 of 1st period - Wrist shot by Matt Moulson.
9:52 of 1st period - Shot Blocked by Niclas Bergfors.
9:54 of 1st period - Slapshot by Bruno Gervais.
9:54 of 1st period - Stopped by Chad Johnson without a rebound.
9:55 of 1st period - Daniel Briere wins face-off versus Alexander Ovechkin in Predators zone.
11:09 of 1st period - Adam Burish is hit by Nikolai Kulemin and loses puck.
11:49 of 1st period - Dmitri Kalinin is hit by Jarret Stoll and loses puck.
12:10 of 1st period - Ryan Kesler is hit by Paul Gaustad and loses puck.
12:25 of 1st period - Slapshot by Adam Burish.
12:25 of 1st period - Shot Blocked by Mark Eaton.
12:29 of 1st period - Slapshot by Adam Burish.
12:29 of 1st period - Stopped by Julien Ellis without a rebound.
12:30 of 1st period - Daniel Briere wins face-off versus Ryan Kesler in Nordiques zone.
12:43 of 1st period - Wrist shot by Ryan Kesler.
12:43 of 1st period - Shot Misses the Net.
12:45 of 1st period - Slapshot by Niclas Bergfors.
12:45 of 1st period - Stopped by Julien Ellis with a rebound.
13:18 of 1st period - Off-side.
13:19 of 1st period - Paul Gaustad wins face-off versus Andy Miele in neutral zone.
13:46 of 1st period - Justin Abdelkader is hit by Jean-Pierre Dumont and loses puck.
14:33 of 1st period - Snap shot by Vladimir Tarasenko.
14:33 of 1st period - Stopped by Chad Johnson without a rebound.
14:34 of 1st period - Paul Gaustad wins face-off versus Ryan Kesler in Predators zone.
15:08 of 1st period - Snap shot by Adam Burish.
15:08 of 1st period - Stopped by Julien Ellis with a rebound.
15:30 of 1st period - Snap shot by Jean-Pierre Dumont.
15:30 of 1st period - Stopped by Chad Johnson with a rebound.
15:40 of 1st period - Michael Ryder is hit by Ryan Mcdonagh and loses puck.
16:35 of 1st period - Slapshot by Ryan Ellis.
16:35 of 1st period - Stopped by Chad Johnson with a rebound.
16:37 of 1st period - Wrist shot by Dmitry Kulikov.
16:37 of 1st period - Shot Misses the Net.
16:39 of 1st period - Slapshot by Dmitry Kulikov.
16:39 of 1st period - Shot Blocked by Alexander Edler.
16:41 of 1st period - Snap shot by Jean-Pierre Dumont.
16:41 of 1st period - Goal by Jean-Pierre Dumont - Predators : 1 - Nordiques : 2.
16:42 of 1st period - Daniel Briere wins face-off versus Niclas Bergfors in neutral zone.
16:49 of 1st period - Slapshot by Vladimir Tarasenko.
16:49 of 1st period - Stopped by Chad Johnson with a rebound.
17:59 of 1st period - Wrist shot by Matt Moulson.
17:59 of 1st period - Stopped by Chad Johnson with a rebound.
18:13 of 1st period - Snap shot by Vladimir Tarasenko.
18:13 of 1st period - Shot Misses the Net.
18:58 of 1st period - Wrist shot by Adam Burish.
18:58 of 1st period - Deflect By James Van Riemsdyk.
18:58 of 1st period - Stopped by Julien Ellis without a rebound.
18:59 of 1st period - Daniel Briere wins face-off versus James Van Riemsdyk in Nordiques zone.
19:34 of 1st period - Wrist shot by Kyle Calder.
19:34 of 1st period - Shot Misses the Net.
19:36 of 1st period - Snap shot by Marek Svatos.
19:36 of 1st period - Shot Misses the Net.
19:42 of 1st period - Minor Penalty to Ryan Kesler for Holding.
19:43 of 1st period - Andy Miele wins face-off versus Daniel Briere in Predators zone.
19:43 of 1st period - Andy Miele is hit by Fedor Tyutin.
19:53 of 1st period - Slapshot by Ryan Ellis.
19:53 of 1st period - Deflect By R.J. Umberger.
19:53 of 1st period - Stopped by Chad Johnson with a rebound.
Goals for this period are 1 for Predators vs 2 for Nordiques.
Shots for this period are 9 for Predators vs 17 for Nordiques.
2nd period
0:01 of 2nd period - Andy Miele wins face-off versus Daniel Briere in neutral zone.
1:42 of 2nd period - Penalty to Ryan Kesler is over, Ryan Kesler is back on ice.
1:55 of 2nd period - Slapshot by Ryan Ellis.
1:55 of 2nd period - Shot Blocked by Ryan Mcdonagh.
2:29 of 2nd period - Snap shot by Alexander Steen.
2:29 of 2nd period - Stopped by Julien Ellis with a rebound.
3:44 of 2nd period - Slapshot by Marek Svatos.
3:44 of 2nd period - Shot Blocked by Adam Burish.
3:52 of 2nd period - Paul Gaustad is hit by Alexander Steen and loses puck.
4:16 of 2nd period - Dmitry Kulikov is hit by Justin Abdelkader and loses puck.
4:33 of 2nd period - Barret Jackman is hit by Daniel Briere and loses puck.
4:38 of 2nd period - Snap shot by Daniel Briere.
4:38 of 2nd period - Shot Blocked by Barret Jackman.
5:21 of 2nd period - Snap shot by Alexander Steen.
5:21 of 2nd period - Shot Misses the Net.
5:23 of 2nd period - Slapshot by Ryan Mcdonagh.
5:23 of 2nd period - Stopped by Julien Ellis with a rebound.
5:30 of 2nd period - Icing by R.J. Umberger.
5:31 of 2nd period - Daniel Briere wins face-off versus Andy Miele in Nordiques zone.
5:52 of 2nd period - Vladimir Tarasenko is hit by Justin Abdelkader and loses puck.
6:01 of 2nd period - Slapshot by Fedor Tyutin.
6:01 of 2nd period - Stopped by Chad Johnson with a rebound.
6:21 of 2nd period - Wrist shot by Kris Vernarsky.
6:21 of 2nd period - Stopped by Julien Ellis without a rebound.
6:22 of 2nd period - Daniel Briere wins face-off versus Andy Miele in Nordiques zone.
6:22 of 2nd period - Daniel Briere is hit by Alexander Ovechkin.
6:57 of 2nd period - Wrist shot by Andy Miele.
6:57 of 2nd period - Shot Blocked by Bruno Gervais.
7:11 of 2nd period - Marek Svatos is hit by Ryan Kesler and loses puck.
7:24 of 2nd period - Slapshot by Ryan Kesler.
7:24 of 2nd period - Deflect By Ryan Ellis.
7:24 of 2nd period - Shot Blocked by Ryan Ellis.
7:24 of 2nd period - Puck is out of play.
7:25 of 2nd period - Daniel Briere wins face-off versus Kris Vernarsky in Nordiques zone.
7:49 of 2nd period - Adam Burish is hit by Daniel Briere and loses puck.
8:28 of 2nd period - Snap shot by Daniel Briere.
8:28 of 2nd period - Shot Blocked by Ryan Mcdonagh.
8:30 of 2nd period - Slapshot by R.J. Umberger.
8:30 of 2nd period - Shot Misses the Net.
8:32 of 2nd period - Wrist shot by Daniel Briere.
8:32 of 2nd period - Deflect By R.J. Umberger.
8:32 of 2nd period - Stopped by Chad Johnson without a rebound.
8:33 of 2nd period - Paul Gaustad wins face-off versus Ryan Kesler in Predators zone.
9:00 of 2nd period - Andy Miele is hit by Jean-Pierre Dumont.
10:07 of 2nd period - Icing by Rich Peverley.
10:08 of 2nd period - Rich Peverley wins face-off versus Andy Miele in Nordiques zone.
10:11 of 2nd period - Snap shot by Alexander Ovechkin.
10:11 of 2nd period - Shot Misses the Net.
10:17 of 2nd period - Ryan Mcdonagh is hit by Mark Eaton.
10:33 of 2nd period - Wrist shot by James Van Riemsdyk.
10:33 of 2nd period - Stopped by Julien Ellis without a rebound.
10:34 of 2nd period - Anton Gustafsson wins face-off versus Daniel Briere in Nordiques zone.
10:46 of 2nd period - Icing by Anton Gustafsson.
10:47 of 2nd period - Daniel Briere wins face-off versus Anton Gustafsson in Predators zone.
10:50 of 2nd period - Snap shot by Daniel Briere.
10:50 of 2nd period - Deflect By Vladimir Tarasenko.
10:50 of 2nd period - Stopped by Chad Johnson with a rebound.
10:58 of 2nd period - Barret Jackman is hit by Ryan Ellis and loses puck.
11:05 of 2nd period - Slapshot by Brett Clark.
11:05 of 2nd period - Stopped by Julien Ellis with a rebound.
11:19 of 2nd period - Adam Burish is hit by Fedor Tyutin and loses puck.
11:30 of 2nd period - Slapshot by Brett Clark.
11:30 of 2nd period - Shot Blocked by R.J. Umberger.
11:32 of 2nd period - Wrist shot by Adam Burish.
11:32 of 2nd period - Shot Misses the Net.
12:29 of 2nd period - Off-side.
12:30 of 2nd period - Kyle Calder wins face-off versus Niclas Bergfors in neutral zone.
12:41 of 2nd period - Slapshot by Ryan Mcdonagh.
12:41 of 2nd period - Stopped by Julien Ellis with a rebound.
12:49 of 2nd period - Marek Svatos is hit by Justin Abdelkader and loses puck.
13:34 of 2nd period - Slapshot by Rich Peverley.
13:34 of 2nd period - Stopped by Chad Johnson with a rebound.
14:12 of 2nd period - Marek Svatos is hit by Alexander Steen and loses puck.
15:17 of 2nd period - Dmitry Kulikov is hit by Andy Miele and loses puck.
17:00 of 2nd period - Ryan Kesler is hit by Michael Ryder.
17:16 of 2nd period - Ryan Mcdonagh is hit by Jarret Stoll.
17:32 of 2nd period - R.J. Umberger is hit by Ryan Mcdonagh and loses puck.
Goals for this period are 0 for Predators vs 0 for Nordiques.
Shots for this period are 6 for Predators vs 4 for Nordiques.
3rd period
0:01 of 3rd period - Ryan Kesler wins face-off versus Daniel Briere in neutral zone.
0:34 of 3rd period - Snap shot by Alexander Ovechkin.
0:34 of 3rd period - Stopped by Julien Ellis with a rebound.
2:11 of 3rd period - Slapshot by John Moore.
2:11 of 3rd period - Stopped by Julien Ellis with a rebound.
2:13 of 3rd period - Slapshot by John Moore.
2:13 of 3rd period - Deflect By Mark Eaton.
2:13 of 3rd period - Stopped by Julien Ellis with a rebound.
2:15 of 3rd period - Snap shot by Adam Burish.
2:15 of 3rd period - Shot Blocked by T.J. Fast.
2:17 of 3rd period - Wrist shot by Alexander Steen.
2:17 of 3rd period - Stopped by Julien Ellis with a rebound.
2:21 of 3rd period - Wrist shot by Adam Burish.
2:21 of 3rd period - Stopped by Julien Ellis with a rebound.
2:23 of 3rd period - Slapshot by John Moore.
2:23 of 3rd period - Stopped by Julien Ellis with a rebound.
2:33 of 3rd period - Dmitri Kalinin is hit by Nikolai Kulemin and loses puck.
2:42 of 3rd period - Snap shot by Michael Ryder.
2:42 of 3rd period - Shot Blocked by Anton Gustafsson.
3:01 of 3rd period - Ryan Mcdonagh is hit by R.J. Umberger and loses puck.
3:21 of 3rd period - Brett Clark is hit by Paul Gaustad and loses puck.
3:48 of 3rd period - Barret Jackman is hit by Nikolai Kulemin and loses puck.
4:21 of 3rd period - Slapshot by Daniel Briere.
4:21 of 3rd period - Stopped by Chad Johnson without a rebound.
4:22 of 3rd period - Paul Gaustad wins face-off versus Ryan Kesler in Predators zone.
5:00 of 3rd period - Bruno Gervais is hit by Kris Vernarsky and loses puck.
6:17 of 3rd period - Byron Bitz is hit by Jarret Stoll and loses puck.
6:36 of 3rd period - Slapshot by T.J. Fast.
6:36 of 3rd period - Shot Misses the Net.
6:38 of 3rd period - Minor Penalty to James Van Riemsdyk for Tripping.
6:39 of 3rd period - Andy Miele wins face-off versus Daniel Briere in Predators zone.
7:04 of 3rd period - Slapshot by Paul Gaustad.
7:04 of 3rd period - Goal by Paul Gaustad - Predators : 1 - Nordiques : 3.
7:05 of 3rd period - Ryan Kesler wins face-off versus Daniel Briere in neutral zone.
7:21 of 3rd period - Icing by Fedor Tyutin.
7:22 of 3rd period - Andy Miele wins face-off versus Daniel Briere in Nordiques zone.
7:45 of 3rd period - Wrist shot by Daniel Briere.
7:45 of 3rd period - Shot Misses the Net.
7:47 of 3rd period - Wrist shot by Vladimir Tarasenko.
7:47 of 3rd period - Shot Misses the Net.
7:49 of 3rd period - Slapshot by R.J. Umberger.
7:49 of 3rd period - Stopped by Chad Johnson with a rebound.
7:51 of 3rd period - Snap shot by R.J. Umberger.
7:51 of 3rd period - Stopped by Chad Johnson with a rebound.
7:53 of 3rd period - Snap shot by R.J. Umberger.
7:53 of 3rd period - Shot Misses the Net.
7:55 of 3rd period - Wrist shot by R.J. Umberger.
7:55 of 3rd period - Stopped by Chad Johnson without a rebound.
7:56 of 3rd period - Andy Miele wins face-off versus Paul Gaustad in Predators zone.
8:05 of 3rd period - Bruno Gervais is hit by Brett Clark and loses puck.
8:16 of 3rd period - Paul Gaustad is hit by Andy Miele and loses puck.
9:49 of 3rd period - Snap shot by Paul Gaustad.
9:49 of 3rd period - Deflect By Kyle Calder.
9:49 of 3rd period - Shot Misses the Net.
9:49 of 3rd period - Puck is out of play.
9:50 of 3rd period - Daniel Briere wins face-off versus Andy Miele in Predators zone.
9:53 of 3rd period - Snap shot by Vladimir Tarasenko.
9:53 of 3rd period - Shot Misses the Net.
9:55 of 3rd period - Wrist shot by Vladimir Tarasenko.
9:55 of 3rd period - Deflect By Ryan Mcdonagh.
9:55 of 3rd period - Shot Blocked by Ryan Mcdonagh.
9:55 of 3rd period - Puck is out of play.
9:56 of 3rd period - Daniel Briere wins face-off versus Andy Miele in Predators zone.
10:01 of 3rd period - Slapshot by Vladimir Tarasenko.
10:01 of 3rd period - Stopped by Chad Johnson with a rebound.
10:03 of 3rd period - Snap shot by Daniel Briere.
10:03 of 3rd period - Stopped by Chad Johnson without a rebound.
10:04 of 3rd period - R.J. Umberger wins face-off versus Alexander Ovechkin in Predators zone.
10:37 of 3rd period - Slapshot by Matt Moulson.
10:37 of 3rd period - Stopped by Chad Johnson with a rebound.
10:45 of 3rd period - Matt Moulson is hit by Alexander Steen and loses puck.
11:24 of 3rd period - Snap shot by Byron Bitz.
11:24 of 3rd period - Stopped by Julien Ellis with a rebound.
11:26 of 3rd period - Wrist shot by Andy Miele.
11:26 of 3rd period - Shot Misses the Net.
11:43 of 3rd period - Slapshot by James Van Riemsdyk.
11:43 of 3rd period - Deflect By Anton Gustafsson.
11:43 of 3rd period - Stopped by Julien Ellis without a rebound.
11:44 of 3rd period - Jarret Stoll wins face-off versus Ryan Kesler in Nordiques zone.
11:53 of 3rd period - Wrist shot by Ryan Kesler.
11:53 of 3rd period - Stopped by Julien Ellis with a rebound.
11:59 of 3rd period - Snap shot by Ryan Kesler.
11:59 of 3rd period - Stopped by Julien Ellis with a rebound.
12:09 of 3rd period - Byron Bitz is hit by Daniel Briere and loses puck.
12:36 of 3rd period - Slapshot by Alexander Edler.
12:36 of 3rd period - Deflect By Kyle Calder.
12:36 of 3rd period - Stopped by Julien Ellis with a rebound.
12:42 of 3rd period - John Moore is hit by Marek Svatos and loses puck.
12:55 of 3rd period - Ryan Ellis is hit by Niclas Bergfors and loses puck.
13:06 of 3rd period - Slapshot by Ryan Kesler.
13:06 of 3rd period - Deflect By Justin Abdelkader.
13:06 of 3rd period - Stopped by Julien Ellis with a rebound.
13:22 of 3rd period - Snap shot by Matt Moulson.
13:22 of 3rd period - Stopped by Chad Johnson without a rebound.
13:23 of 3rd period - Daniel Briere wins face-off versus Kris Vernarsky in Predators zone.
13:58 of 3rd period - Slapshot by Adam Burish.
13:58 of 3rd period - Shot Blocked by Dmitry Kulikov.
14:00 of 3rd period - Snap shot by Kris Vernarsky.
14:00 of 3rd period - Shot Misses the Net.
14:18 of 3rd period - Snap shot by Adam Burish.
14:18 of 3rd period - Deflect By Alexander Steen.
14:18 of 3rd period - Shot Blocked by Marek Svatos.
14:18 of 3rd period - Puck is out of play.
14:19 of 3rd period - Daniel Briere wins face-off versus Ryan Kesler in Nordiques zone.
14:32 of 3rd period - Snap shot by Vladimir Tarasenko.
14:32 of 3rd period - Stopped by Chad Johnson with a rebound.
14:34 of 3rd period - Snap shot by Vladimir Tarasenko.
14:34 of 3rd period - Stopped by Chad Johnson without a rebound.
14:35 of 3rd period - Andy Miele wins face-off versus Marek Svatos in Predators zone.
15:00 of 3rd period - Ryan Ellis is hit by Ryan Kesler and loses puck.
15:05 of 3rd period - Wrist shot by Niclas Bergfors.
15:05 of 3rd period - Deflect By Paul Gaustad.
15:05 of 3rd period - Stopped by Julien Ellis with a rebound.
15:25 of 3rd period - Wrist shot by Kyle Calder.
15:25 of 3rd period - Shot Blocked by John Moore.
15:27 of 3rd period - Snap shot by R.J. Umberger.
15:27 of 3rd period - Stopped by Chad Johnson without a rebound.
15:28 of 3rd period - Adam Burish wins face-off versus Daniel Briere in Predators zone.
15:53 of 3rd period - Adam Burish is hit by Dmitry Kulikov and loses puck.
16:06 of 3rd period - Wrist shot by Nikolai Kulemin.
16:06 of 3rd period - Stopped by Chad Johnson without a rebound.
16:07 of 3rd period - Daniel Briere wins face-off versus Ryan Kesler in Predators zone.
16:08 of 3rd period - Snap shot by Vladimir Tarasenko.
16:08 of 3rd period - Shot Blocked by John Moore.
16:10 of 3rd period - Slapshot by Ryan Ellis.
16:10 of 3rd period - Stopped by Chad Johnson without a rebound.
16:11 of 3rd period - Daniel Briere wins face-off versus Justin Abdelkader in Predators zone.
16:16 of 3rd period - Snap shot by Vladimir Tarasenko.
16:16 of 3rd period - Shot Blocked by Justin Abdelkader.
16:18 of 3rd period - Wrist shot by Daniel Briere.
16:18 of 3rd period - Stopped by Chad Johnson with a rebound.
16:20 of 3rd period - Slapshot by Ryan Ellis.
16:20 of 3rd period - Shot Blocked by John Moore.
16:24 of 3rd period - Snap shot by Vladimir Tarasenko.
16:24 of 3rd period - Shot Misses the Net.
16:26 of 3rd period - Slapshot by Daniel Briere.
16:26 of 3rd period - Stopped by Chad Johnson with a rebound.
16:38 of 3rd period - Snap shot by Alexander Ovechkin.
16:38 of 3rd period - Goal by Alexander Ovechkin - Predators : 2 - Nordiques : 3.
16:39 of 3rd period - Ryan Kesler wins face-off versus Daniel Briere in neutral zone.
18:25 of 3rd period - T.J. Fast is hit by Kris Vernarsky and loses puck.
18:28 of 3rd period - Predators, Chad Johnson is pulled from the net.
19:20 of 3rd period - Snap shot by Alexander Ovechkin.
19:20 of 3rd period - Stopped by Julien Ellis with a rebound.
19:59 of 3rd period - Minor Penalty to Dmitri Kalinin for Hooking.
Goals for this period are 1 for Predators vs 1 for Nordiques.
Shots for this period are 15 for Predators vs 16 for Nordiques.
Goals for this period are 1 for Predators vs 1 for Nordiques.
Shots for this period are 15 for Predators vs 16 for Nordiques.
Back to the Top